 Dungeon Crawl Stone Soup version 0.31-a0-152-g6aa68a64a1 (webtiles) character file.

Game seed: 4647293896057588385

54 qw the Shooter (level 3, -14/31 HPs)
             Began as a Minotaur Hunter on June 10, 2023.
             Demolished by an ogre
             ... wielding a +0 giant club
              (24 damage)
             ... on level 3 of the Dungeon.
             The game lasted 00:00:34 (1623 turns).

qw the Shooter (Minotaur Hunter)                    Turns: 1623, Time: 00:00:34

Health: -14/31     AC:  5    Str: 15    XL:     3   Next: 66%
Magic:  2/2        EV: 11    Int:  6    God:
Gold:   115        SH:  0    Dex: 15    Spells: 2/2 levels left

rFire   . . .        Y - +1 shortbow
rCold   . . .        (shield currently unavailable)
rNeg    . . .        e - +0 ring mail
rPois   .            (helmet restricted)
rElec   .            (no cloak)
rCorr   .            (no gloves)
SInv    .            (no boots)
Will    .....        (no amulet)
Stlth   +            (no ring)
HPRegen 0.25/turn    (no ring)
MPRegen 0.08/turn

%: no passive effects
@: no status effects
A: horns 2, retaliatory headbutt
a: no special abilities


You were on level 3 of the Dungeon.
You visited 1 branch of the dungeon, and saw 3 of its levels.

You collected 115 gold pieces.


Innate Abilities, Weirdness & Mutations

You have a pair of horns on your head.
You reflexively headbutt those who attack you in melee.


   Skills:
 - Level 3.0 Fighting
 + Level 5.5 Ranged Weapons
 - Level 1.0 Armour
 - Level 2.1 Dodging
 - Level 0.7 Stealth


You had 2 spell levels left.
You didn't know any spells.
Your spell library was empty.

Inventory:

Hand Weapons
 Y - a +1 shortbow (weapon)
Armour
 a - a +0 pair of boots
 e - a +0 ring mail (worn)
Scrolls
 f - a scroll of identify

Dungeon Overview and Level Annotations

Branches:
Dungeon (3/15)

Altars:


Message History

The ball python hisses angrily.
The ogre shouts!
You shoot an arrow.
The arrow closely misses the ball python.
A giant cockroach comes into view.
You shoot an arrow.
The arrow closely misses the ball python.
The ball python bites you but does no damage.
The ball python grabs you. The ball python constricts you.
You shoot an arrow.
The arrow completely misses the ball python.
The ball python completely misses you. The ball python constricts you.
The ball python bites you but does no damage.
The ball python constricts you.
You shoot an arrow. The arrow hits the ball python.
You kill the ball python!
The ogre misses you.
You shoot an arrow. The arrow hits the ogre.
The ogre is lightly wounded.
You shoot an arrow. The arrow hits the ogre.
The ogre is moderately wounded.
The ogre closely misses you. You furiously retaliate!
You headbutt the ogre! You shoot an arrow. The arrow barely misses the ogre.
The ogre hits you with a +0 giant club!
You shoot an arrow. The arrow hits the ogre.
The ogre is severely wounded.
The ogre misses you.
You shoot an arrow.
The arrow hits the ogre but does no damage.
The ogre is severely wounded.
The ogre hits you with a +0 giant club!
You shoot an arrow. The arrow completely misses the ogre.
You shoot an arrow.
The arrow hits the ogre but does no damage.
The ogre is severely wounded.
The ogre closely misses you.
You shoot an arrow. The arrow hits the ogre.
The ogre is almost dead.
The ogre hits you with a +0 giant club!!
Ouch! That really hurt!
You die...

#.#.#
#.#.#
#...#
######..##
........#
#######..#
........)#
.######..#
#.@....#
#O####.#
#B #.# ..
#.# ...
..# ....
## ..##.
##. #.


You could see an ogre and a giant cockroach.

Vanquished Creatures
  An adder (D:2)
  2 dart slugs (D:1)
  4 ball pythons
  4 bats
  5 endoplasms
  A goblin (D:2)
  2 hobgoblins (D:1)
  4 jackals (D:1)
  4 quokkas (D:1)
  4 frilled lizards
  3 kobolds
  7 rats
41 creatures vanquished.

Notes
Turn   | Place    | Note
-------+----------+-------------------------------------------
     0 | D:1      | qw the Minotaur Hunter began the quest for the Orb.
     0 | D:1      | Reached XP level 1. HP: 18/18 MP: 0/0
     0 | D:1      | 0 ||| qw: Version: 0.2-a-122-gbc61b45
     0 | D:1      | 0 ||| qw: Game counter: 3533
     0 | D:1      | 0 ||| qw: Always use a shield: true
     0 | D:1      | 0 ||| qw: God list: Okawaru
     0 | D:1      | 0 ||| qw: Allow faded altars: false
     0 | D:1      | 0 ||| qw: Do Orc after D:15 true
     0 | D:1      | 0 ||| qw: Do second Lair branch before Depths: true
     0 | D:1      | 0 ||| qw: Lair rune preference: random
     0 | D:1      | 0 ||| qw: Plans: Normal
     0 | D:1      | 0 ||| PLANNING D:1-11
    64 | D:1      | Reached XP level 2. HP: 23/25 MP: 1/1
   175 | D:1      | Reached skill level 5 in Ranged Weapons
   467 | D:1      | Reached skill level 3 in Fighting
   719 | D:1      | Reached XP level 3. HP: 17/31 MP: 2/2
   906 | D:1      | 906 ||| UPGRADING to +0 ring mail.
   916 | D:1      | 916 ||| DROPPING +0 leather armour.
   917 | D:1      | 917 ||| READING 2 scrolls labelled EHUEKHLOHEH.
   918 | D:1      | 918 ||| READING 2 scrolls labelled NYFE RECARCH.
   919 | D:1      | 919 ||| READING scroll labelled HAG JEDYRORA.
   920 | D:1      | 920 ||| READING scroll labelled SYMIHYKK ICRI.
   921 | D:1      | 921 ||| DROPPING scroll of magic mapping.
   922 | D:1      | 922 ||| DROPPING scroll of butterflies.
  1138 | D:2      | Reached skill level 1 in Armour
  1542 | D:2      | 1542 ||| READING scroll labelled JOUXASIW ITEDE.
  1543 | D:2      | 1543 ||| READING 3 scrolls of identify.
  1543 | D:2      | 1543 ||| IDENTIFYING viscous cyan potion
  1544 | D:2      | 1544 ||| READING 2 scrolls of identify.
  1544 | D:2      | 1544 ||| IDENTIFYING glowing golden potion
  1545 | D:2      | 1545 ||| DROPPING potion of magic.
  1546 | D:2      | 1546 ||| DROPPING potion of ambrosia.
  1611 | D:3      | Noticed an ogre
  1623 | D:3      | Demolished by an ogre

Levels and vault maps discovered:
D:1:      nzn_arrival_settlement, layout_loops_corners, minmay_pentomino_r4
D:2:      layout_loops_cross, minivault_4, chequers_serial_rivers_micro_b,
          corexii_corridor_pit, minivault_19
D:3:      layout_loops_ring, nicolae_qazlal_style_of_elements

Skill      XL: |  1  2  3 |
---------------+----------+-----
Ranged Weapons | 5 |  5.5
Fighting       | 3 |  3.0
Armour         | 1 |  1.0
Dodging        | |  2.1
Stealth        | |  0.7

Action                     || total
---------------------------++-------
   Fire: Shortbow          ||   125
    Use: Scroll            ||     7
 Armour: Leather armour    ||     3
         Ring mail         ||     3
  Dodge: Dodged            ||    28

Table legend:
 A = Non-vault XP
 B = Vault XP
 C = Vault XP percentage of total XP
 D = Non-vault monster count
 E = Vault monster count
 F = Vault count percentage of total count
                 A         B        C        D         E       F
            +---------+---------+-------+---------+---------+-------
      Total |      71 |       7 |   9.0 |      38 |       3 |   7.3
            +---------+---------+-------+---------+---------+-------
        D:1 |      42 |       7 |  14.3 |      25 |       3 |  10.7
        D:2 |      28 |       0 |   0.0 |      12 |       0 |   0.0
        D:3 |       1 |       0 |   0.0 |       1 |       0 |   0.0
            +---------+---------+-------+---------+---------+-------
